 Dungeon Crawl Stone Soup version 0.28-b1-25-g9875b3fc8c (webtiles) character file.

Game seed: 9684725258510206088

20223 LLlMATKO the Fighter (level 12, -6/112 HPs)
             Began as a Minotaur Berserker on Feb 6, 2022.
             Was a Priest of Trog.
             Mangled by a red ugly thing (11 damage)
             ... on level 14 of the Dungeon.
             The game lasted 00:24:06 (18236 turns).

LLlMATKO the Fighter (Minotaur Berserker)          Turns: 18236, Time: 00:24:07

Health: -6/112     AC: 21    Str: 23    XL:     12   Next: 43%
Magic:  20/20      EV: 10    Int:  4    God:    Trog [***...]
Gold:   470        SH: 12    Dex: 14    Spells: 11/11 levels left

rFire   + . .      SeeInvis .   w - +7 hand axe of Amorality {freeze, rC+ MP+9}
rCold   + . .      Faith    .   O - +2 kite shield
rNeg    . . .      Spirit   .   s - +0 plate armour
rPois   .          Reflect  .   (helmet restricted)
rElec   .          Harm     .   N - +2 cloak {Stlth+}
rCorr   .          Rampage  .   (no gloves)
Will    .....                   T - +1 pair of boots {Stlth+}
Stlth   ..........              (no amulet)
HPRegen 0.28/turn               d - ring of protection from fire
MPRegen 0.17/turn               l - ring of flight

@: on berserk cooldown, flying
A: horns 2, retaliatory headbutt
a: Renounce Religion, Berserk, Trog's Hand


You were on level 14 of the Dungeon.
You worshipped Trog.
Trog was most pleased with you.
You visited 1 branch of the dungeon, and saw 14 of its levels.

You collected 619 gold pieces.
You spent 149 gold pieces at shops.

Inventory:

Hand Weapons
 q - a +7 hand crossbow
 w - the +7 hand axe of Amorality (weapon) {freeze, rC+ MP+9}
   (You found it on level 11 of the Dungeon)

   It freezes those it strikes, dealing additional cold damage.
   It can also slow down cold-blooded creatures.
   rC:        It protects you from cold.
   MP:        It affects your magic capacity (+9).
Missiles
 g - 9 poisoned darts (quivered)
 j - 9 javelins
 C - 12 boomerangs
 H - a throwing net
 I - 3 silver boomerangs
 K - 28 bolts
Armour
 s - a +0 plate armour (worn)
 L - +0 swamp dragon scales
 N - a +2 cloak of stealth (worn)
 O - a +2 kite shield (worn)
 T - a +1 pair of boots of stealth (worn)
Jewellery
 d - a ring of protection from fire (left hand)
 l - a ring of flight (right hand)
Wands
 p - a wand of mindburst (19)
 x - a wand of polymorph (5)
 R - a wand of iceblast (5)
 S - a wand of flame (12)
Scrolls
 b - 2 scrolls of brand weapon {unknown}
 c - 10 scrolls of identify {unknown}
 e - 6 scrolls of vulnerability {unknown}
 h - a scroll of fog {unknown}
 k - 3 scrolls of magic mapping {unknown}
 o - 9 scrolls of teleportation {unknown}
 r - a scroll of torment {unknown}
 u - a scroll of amnesia {unknown}
 y - a scroll of blinking {unknown}
 B - 2 scrolls of enchant armour {unknown}
 E - a scroll of summoning {unknown}
 P - a scroll of noise {unknown}
Potions
 f - a potion of ambrosia {unknown}
 i - 3 potions of haste {unknown}
 m - a potion of degeneration {unknown}
 n - 3 potions of heal wounds {unknown}
 t - 2 potions of lignification {unknown}
 v - a potion of magic {unknown}
 z - a potion of flight {unknown}
 A - 3 potions of might
 D - 2 potions of brilliance {unknown}
 F - a potion of mutation {unknown}
 G - a potion of curing {unknown}
 J - 2 potions of attraction {unknown}
 M - 2 potions of cancellation {unknown}
 Q - a potion of berserk rage


   Skills:
 + Level 12.2 Fighting
 + Level 12.1 Axes
 + Level 6.7 Crossbows
 + Level 11.7 Armour
 + Level 10.8 Dodging
 + Level 5.8 Shields


You had 11 spell levels left.
You didn't know any spells.
Your spell library was empty.

Dungeon Overview and Level Annotations

Branches:
Dungeon (14/15)            Temple (0/1) D:4            Lair (0/6) D:9
    Orc (0/2) D:11
 Vaults: D:13-14

Altars:
Fedhas
Nemelex Xobeh
Okawaru
Ru
Uskayaw
Vehumet
Wu Jian
Xom
Yredelemnul
Zin
Beogh

Shops:
D:4 [   D:8 (   D:11 *

Annotations:
D:13 Josephine


Innate Abilities, Weirdness & Mutations

You have a pair of horns on your head.
You reflexively headbutt those who attack you in melee.


Message History

You hit the red ugly thing. You freeze the red ugly thing.
The red ugly thing is lightly wounded.
Unknown command.
You hit the red ugly thing. You freeze the red ugly thing.
The red ugly thing is lightly wounded.
You block the red ugly thing's attack.
Unknown command.
You slash the red ugly thing! You freeze the red ugly thing.
The red ugly thing is heavily wounded.
The red ugly thing tentacle-slaps you.
* * * LOW HITPOINT WARNING * * *
You are engulfed in flames!
You resist.
* * * LOW HITPOINT WARNING * * *
Unknown command.
Okay, then.
Unknown command.
You hit the red ugly thing. You freeze the red ugly thing.
The red ugly thing is heavily wounded.
You block the red ugly thing's attack.
Unknown command.
You hit the red ugly thing. You freeze the red ugly thing.
The red ugly thing is severely wounded.
The red ugly thing tentacle-slaps you!
* * * LOW HITPOINT WARNING * * *
You are engulfed in flames!
You resist.
* * * LOW HITPOINT WARNING * * *
Unknown command.
You're still recovering from your berserk rage.
You completely miss the red ugly thing.
You headbutt the red ugly thing, but do no damage.
The red ugly thing is severely wounded.
You block the red ugly thing's attack.
Unknown command.
You barely miss the red ugly thing.
The red ugly thing is severely wounded.
Unknown command.
You closely miss the red ugly thing. You headbutt the red ugly thing.
The red ugly thing is severely wounded.
The red ugly thing tentacle-slaps you!
You die...

.......# ##........#
........##..#.....##
.......#..........###
....................##
............##.......##
...........###........#
.........##..)....##
.........#...<...##
.............@†.####
........[#####u###.##
........### #.......#
...........# ##......#
........#..# ##......##
........##.###........####
......##................#
.#.....#.................
##......u##.##.........#


You could see a red ugly thing.

Vanquished Creatures
  4 two-headed ogres
  The ghost of Nattefrost the Carver, a novice BaGl of Yredelemnul (D:9)
  A tengu warrior (D:14)
  Urug (D:10)
  An orc knight (D:11)
  2 deep elf pyromancers
  2 cyclopes
  3 ugly things (D:14)
  Maurice (D:9)
  A manticore (D:14)
  5 gargoyles (D:11)
  Maggie (D:8)
  Psyche (D:9)
  2 komodo dragons (D:9)
  A troll (D:14)
  3 slime creatures (D:14)
  Prince Ribbit (D:6)
  A shadow (D:11)
  7 yaks
  4 wraiths
  A human (D:4)
  2 vampire mosquitoes (D:12)
  Menkaure (D:5)
  An acid dragon (D:10)
  Duvessa (D:6)
  3 water moccasins
  2 ice beasts
  6 orc warriors
  2 black bears (D:6)
  A necrophage (D:4)
  An ogre (D:5)
  3 centaurs
  3 phantoms (D:5)
  5 bullfrogs
  2 kobold brigands
  3 gnoll sergeants
  3 scorpions
  Dowan (D:6)
  3 killer bees (D:9)
  10 wights
  4 howler monkeys
  6 centaur zombies
  2 hounds
  4 jellies
  5 orc priests
  Crazy Yiuf (D:2)
  2 iguanas
  Jessica (D:2)
  7 orc wizards
  Terence (D:2)
  A statue (D:6)
  2 hound zombies (D:5)
  A howler monkey zombie (D:5)
  20 gnolls
  2 howler monkey skeletons
  6 adders
  A white imp (D:8)
  5 worms
  A dart slug (D:2)
  60 orcs
  An endoplasm (D:1)
  4 giant cockroaches
  7 goblins
  11 hobgoblins
  4 quokkas
  7 ball pythons
  8 bats
  A goblin skeleton (D:4)
  A jackal zombie (D:4)
  15 kobolds
  3 rats (D:2)
291 creatures vanquished.

Vanquished Creatures (collateral kills)
  An ugly thing (D:14)
  A tengu conjurer (D:14)
  A gnoll sergeant (D:8)
  An iguana (D:5)
  An orc wizard (D:7)
  A howler monkey zombie (D:5)
  3 gnolls
  A white imp (D:5)
  8 orcs
  A kobold (D:8)
19 creatures vanquished.

Vanquished Creatures (others)
  An orc wizard (D:5)
  2 gnolls (D:7)
  An orc (D:9)
  23 fungi (D:9)
  30 plants (D:9)
57 creatures vanquished.

Grand Total: 367 creatures vanquished

Notes
Turn   | Place    | Note
-------+----------+-------------------------------------------
     0 | D:1      | LLlMATKO the Minotaur Berserker began the quest for the
                  | Orb.
     0 | D:1      | Reached XP level 1. HP: 19/19 MP: 0/0
   158 | D:1      | Reached XP level 2. HP: 12/27 MP: 1/1
   803 | D:2      | Noticed Jessica
   809 | D:2      | Reached XP level 3. HP: 21/34 MP: 2/2
   809 | D:2      | Killed Jessica
  1003 | D:2      | Reached XP level 4. HP: 39/41 MP: 3/3
  1022 | D:2      | Found a faded altar of an unknown god.
  1041 | D:2      | Reached ** piety under Trog
  1538 | D:2      | Identified the +0 leather armour of the Moon {rCorr Str-3
                  | SInv}
  1856 | D:2      | Noticed Terence
  1860 | D:2      | Killed Terence
  2039 | D:2      | Found a runed translucent door.
  2040 | D:2      | Noticed Crazy Yiuf
  2283 | D:2      | Killed Crazy Yiuf
  2284 | D:2      | Reached skill level 5 in Fighting
  2284 | D:2      | Reached XP level 5. HP: 40/48 MP: 4/4
  2483 | D:3      | Noticed a +0 dagger
  2483 | D:3      | Noticed a +0 hand axe
  2485 | D:3      | Found a hide-covered altar of Uskayaw.
  3120 | D:3      | Found a blossoming altar of Fedhas.
  3769 | D:4      | Reached skill level 5 in Axes
  4082 | D:4      | Found a runed translucent door.
  4082 | D:4      | Noticed a human
  4083 | D:4      | Noticed a necrophage
  4096 | D:4      | Killed a necrophage
  4097 | D:4      | Reached XP level 6. HP: 56/56 MP: 5/5
  4097 | D:4      | Found a basalt altar of Yredelemnul.
  4108 | D:4      | Killed a human
  4535 | D:4      | Found Eduor's Antique Armour Shoppe.
  4860 | D:4      | Found a staircase to the Ecumenical Temple.
  4945 | D:4      | Reached XP level 7. HP: 39/63 MP: 6/6
  5194 | D:5      | Entered Level 5 of the Dungeon
  5229 | D:5      | Reached skill level 5 in Armour
  5310 | D:5      | Reached skill level 5 in Dodging
  5340 | D:5      | Noticed Menkaure
  5345 | D:5      | Killed Menkaure
  5346 | D:5      | Reached XP level 8. HP: 73/73 MP: 7/7
  5462 | D:5      | Reached *** piety under Trog
  6484 | D:5      | Found a glowing silver altar of Zin.
  6974 | D:6      | Noticed Prince Ribbit
  6991 | D:6      | Killed Prince Ribbit
  6992 | D:6      | Reached XP level 9. HP: 75/81 MP: 8/8
  7037 | D:6      | Noticed Duvessa
  7040 | D:6      | Noticed Dowan
  7048 | D:6      | Killed Duvessa
  7051 | D:6      | Killed Dowan
  7255 | D:6      | Found a radiant altar of Vehumet.
  7370 | D:6      | Found an ornate altar of the Wu Jian Council.
  7381 | D:6      | Identified the +8 mace "Mamakah" {speed, Drain rN+ Will++
                  | Dex+4}
  7714 | D:7      | Found a shimmering altar of Xom.
  8164 | D:7      | Found a sacrificial altar of Ru.
  8302 | D:7      | Found an iron altar of Okawaru.
  8387 | D:7      | Found a sacrificial altar of Ru.
  8445 | D:7      | Found a shimmering altar of Xom.
  8595 | D:7      | Found an iron altar of Okawaru.
  8750 | D:8      | Noticed a two-headed ogre
  8760 | D:8      | Killed a two-headed ogre
  9673 | D:8      | Reached **** piety under Trog
  9816 | D:8      | Reached XP level 10. HP: 83/91 MP: 9/9
 10477 | D:8      | Found Lustri Haar's Antique Weapon Boutique.
 10482 | D:8      | Bought a glowing hand crossbow for 149 gold pieces
 10591 | D:8      | Noticed Maggie
 10598 | D:8      | Killed Maggie
 10994 | D:9      | Reached skill level 1 in Crossbows
 11544 | D:9      | Noticed Maurice
 11551 | D:9      | Paralysed by Maurice for 5 turns
 11612 | D:9      | Killed Maurice
 11613 | D:9      | Reached skill level 10 in Fighting
 11759 | D:9      | Noticed a two-headed ogre
 11771 | D:9      | Killed a two-headed ogre
 11772 | D:9      | Reached skill level 10 in Axes
 11793 | D:8      | HP: 4/93 [yak (6)]
 12226 | D:9      | Found a staircase to the Lair.
 12696 | D:9      | Reached skill level 10 in Armour
 12868 | D:9      | Noticed a two-headed ogre
 12876 | D:9      | Killed a two-headed ogre
 13045 | D:9      | Noticed Psyche
 13057 | D:9      | Killed Psyche
 13058 | D:9      | Reached XP level 11. HP: 101/101 MP: 10/10
 13300 | D:9      | Found a runed translucent gate.
 13300 | D:9      | Found a runed translucent gate.
 13300 | D:9      | Found a runed translucent gate.
 13300 | D:9      | Noticed Nattefrost's ghost (novice BaGl)
 13527 | D:9      | Killed Nattefrost's ghost
 13528 | D:9      | Reached skill level 1 in Shields
 13606 | D:10     | Entered Level 10 of the Dungeon
 14195 | D:10     | Noticed Urug
 14258 | D:10     | Killed Urug
 15095 | D:10     | Found a sparkling altar of Nemelex Xobeh.
 15111 | D:10     | Noticed a two-headed ogre
 15119 | D:10     | Killed a two-headed ogre
 15120 | D:10     | Reached skill level 5 in Crossbows
 15341 | D:11     | Identified the +7 hand axe of Amorality {freeze, rC+ MP+9}
 15744 | D:11     | Found Jywir's Pet Rocks.
 15759 | D:11     | Reached skill level 10 in Dodging
 16325 | D:11     | Noticed an orc knight
 16350 | D:11     | Killed an orc knight
 16917 | D:11     | Found a staircase to the Orcish Mines.
 17036 | D:12     | Noticed a deep elf pyromancer
 17040 | D:12     | Killed a deep elf pyromancer
 17182 | D:12     | You are sucked into a shaft and drop 2 floors!
 17367 | D:14     | Reached XP level 12. HP: 84/111 MP: 11/11
 17741 | D:14     | Reached skill level 5 in Shields
 18004 | D:13     | Noticed a boulder beetle
 18079 | D:13     | Noticed Josephine
 18173 | D:14     | Noticed a tengu warrior
 18194 | D:14     | Killed a tengu warrior
 18233 | D:14     | HP: 4/112 [red ugly thing (9)]
 18236 | D:14     | Mangled by a red ugly thing

Illustrated notes

Levels and vault maps discovered:
D:1:      doesnt_arrival_eight_statues, layout_basic, serial_glass,
          glass_columns_a, glass_columns_a, feat_on_display, feat_on_display,
          minmay_strange_pillars, feat_on_display
D:2:      layout_loops_corners, shapermc_ecumenical_altar_pompeii,
          bh_walls_and_bars, uniq_crazy_yiuf_cottage, uniq_jessica, uniq_terence
D:3:      layout_basic, fedhas_altar_4, dancing_weapons_uskayaw
D:4:      layout_loops_ring, dk_yredelemnul_ordeal, temple_statues,
          serial_shops, shop
D:5:      layout_loops_ring, mainiacjoe_overflow_alcove_4, minmay_starry_boxes,
          uniq_menkaure
D:6:      layout_loops_ring, vehumet_statue, nicolae_wu_jian_glorious_leap,
          uniq_duvessa, uniq_prince_ribbit1
D:7:      layout_rooms, lemuel_crystal_altar, okawaru_altar_gauntlet_db,
          mainiacjoe_overflow_24_doors
D:8:      layout_cave_pods, serial_shops, nicolae_shop_hallway_plus, uniq_maggie
D:9:      layout_long_grid, due_lair_maze_entry_diamond,
          ebering_ghost_rock_garden, uniq_psyche, uniq_maurice
D:10:     layout_small_grid, nemelex_spade_bored_becter, serial_park_tiny_2,
          uniq_urug
D:11:     layout_basic, david_orc_5, guppyfry_shop_earth
D:12:     minmay_statue_hallways, layout_basic, ebering_ghost_xom, serial_shops,
          nicolae_diamond_shop
D:13:     layout_stronghold, grunt_vaults_entry_fortified, uniq_frances,
          uniq_nessos, uniq_josephine
D:14:     layout_cave_pools, nicolae_yredelemnul_corpse_copse

Skill      XL: |  1  2  3  4  5  6  7  8  9 10 11 12 |
---------------+-------------------------------------+-----
Fighting       | 4 5 6 7 8 9 10 11 12 | 12.2
Axes           | 4 5 6 8 9 10 11 12 | 12.1
Armour         | 3 4 6 7 8 10 11 | 11.7
Dodging        | 3 4 5 6 8 9 10 | 10.8
Crossbows      | 4 6 |  6.7
Shields        | 4 5 |  5.8

Action                   |  1- 3 |  4- 6 |  7- 9 | 10-12 || total
-------------------------+-------+-------+-------+-------++-------
Melee: Hand axe          |    46 |   168 |   226 |    67 ||   507
       Headbutt          |     8 |    32 |    61 |    71 ||   172
       War axe           |       |       |    78 |   220 ||   298
 Fire: Hand crossbow     |       |       |       |   177 ||   177
Throw: Dart              |       |       |     7 |    22 ||    29
Invok: Berserk           |     1 |     5 |    11 |    15 ||    32
       Trog's Hand       |       |       |       |     1 ||     1
       Brothers in Arms  |       |       |       |     4 ||     4
  Use: Potion            |       |       |       |     1 ||     1
       Scroll            |       |       |       |     1 ||     1
 Stab: Sleeping          |       |     2 |       |       ||     2
       Distracted        |       |       |     1 |     1 ||     2
Armor: Animal skin       |    14 |    26 |       |       ||    40
       Chain mail        |       |    11 |       |       ||    11
       Plate armour      |       |    10 |   184 |    71 ||   265
       Skin              |       |       |       |    12 ||    12
Dodge: Dodged            |    31 |    78 |   137 |   175 ||   421
Block: Kite shield       |       |       |       |    75 ||    75
